 Dungeon Crawl Stone Soup version 0.26-a0-1184-g95e395e029 (webtiles) character file.

Game seed: 17170342285370889709

417 sahdkjhfkaj the Grave Robber (level 6, -1/41 HPs)
             Began as a Mummy Necromancer on Dec 28, 2020.
             Slain by a lemure (9 damage)
             ... led by Pikel
             ... on level 4 of the Dungeon.
             The game lasted 00:07:12 (4393 turns).

sahdkjhfkaj the Grave Robber (Mummy Necromancer)    Turns: 4393, Time: 00:07:13

Health: -1/41      AC:  4    Str: 11    XL:     6   Next: 61%
Magic:  13/13      EV: 12    Int: 23    God:
Gold:   202        SH:  0    Dex: 12    Spells: 11/15 levels left

rFire    . . .     SeeInvis .   (no weapon)
rCold    + + .     Faith    .   (no shield)
rNeg     + + +     Spirit   .   a - +2 robe {rC+ rF+}
rPois    ∞         Reflect  .   (no helmet)
rElec    .         Harm     .   (no cloak)
rCorr    .         Rampage  .   (no gloves)
Will     .....                  (no boots)
Stlth    ++........             (no amulet)
HPRegen  0.13/turn              b - +6 ring of intelligence
MPRegen  0.13/turn              (no ring)

@: about to teleport
A: no potions, fire vulnerability, cold resistance 1, negative energy resistance
3, torment resistance, unbreathing
a: no special abilities


You were on level 4 of the Dungeon.
You visited 1 branch of the dungeon, and saw 4 of its levels.

You collected 202 gold pieces.

Inventory:

Armour
 a - a +2 robe of resistance (worn)
Jewellery
 b - a +6 ring of intelligence (left hand)
 i - a cursed +6 ring of intelligence
 m - an uncursed ring of stealth {unknown}
 o - an uncursed ring of positive energy {unknown}
Wands
 n - a wand of polymorph (3)
Scrolls
 c - a scroll of amnesia
 d - a scroll of magic mapping
 e - a scroll of noise
 f - a scroll of identify
 g - 5 scrolls of remove curse
 h - a scroll of teleportation {!r}
 j - 2 scrolls of random uselessness {unknown}
 k - 2 scrolls of fear
 l - a scroll of immolation {unknown}
 p - a scroll of fog {unknown}


   Skills:
 - Level 1.5 Dodging
 - Level 1.5 Stealth
 - Level 5.0 Spellcasting
 - Level 5.0 Necromancy
 + Level 2.4 Earth Magic
 - Level 3.0 Evocations


You had 11 spell levels left.
You knew the following spells:

 Your Spells              Type           Power        Failure   Level
a - Pain                  Necr           100%         1%          1
c - Vampiric Draining     Necr           14%          3%          3

Your spell library contained the following spells:

 Spells                   Type           Power        Failure   Level
 Animate Skeleton         Necr           56%          1%          1
 Magic Dart               Conj           20%          10%         1
 Animate Dead             Necr           14%          12%         4
 Blink                    Tloc           N/A          14%         2
 Call Imp                 Summ           5%           14%         2
 Slow                     Hex            5%           14%         2
 Conjure Flame            Conj/Fire      5%           28%         3
 Mephitic Cloud           Conj/Pois/Air  5%           28%         3
 Agony                    Necr           28%          32%         5


Dungeon Overview and Level Annotations

Branches:
Dungeon (4/15)
 Temple: D:4-7

Altars:
Okawaru

Annotations:
D:2 1 runed translucent door, Crazy Yiuf
D:4 Pikel


Innate Abilities, Weirdness & Mutations

You do not drink.
Your flesh is vulnerable to fire.
You are immune to poison.
Your flesh is cold resistant. (rC+)
You are immune to negative energy. (rN+++)
You are immune to unholy pain and torment.
You can survive without breathing.


Message History

There are monsters nearby!
You can't see any susceptible monsters within range! (Use Z to cast anyway.)
You can't see any susceptible monsters within range! (Use Z to cast anyway.) Pikel shouts!
A worker ant comes into view.
The lemure closely misses you.
A lemure comes into view.
The lemure hits you! The lemure barely misses you. The lemure hits you!
The lemure hits you. The lemure hits you.
The worker ant waves its antennae.
The lemure hits you!
* * * LOW HITPOINT WARNING * * *
Really read
h - 2 scrolls of teleportation {!r}?
As you read the scroll of teleportation {!r}, it crumbles to dust.
You feel strangely unstable. The lemure hits you!
You die...

#.# #.#
#.# #.#
#.# #.# #
#.# . #
#.# ...
#@# .#.#
#5# .#.#
#5# .#.#
#B# .#.###
###K####.#
.....
...5B5...#
##..#
###5######
##..#
##..######


You could see 2 lemures and a worker ant.

Vanquished Creatures
  An ogre (D:4)
  An orc priest (D:3)
  A gnoll shaman (D:4)
  Jessica (D:2)
  An orc wizard (D:3)
  A worker ant (D:4)
  5 gnolls (D:4)
  6 adders
  An ooze (D:2)
  3 worms
  3 dart slugs
  5 leopard geckos
  6 orcs (D:3)
  5 bats
  6 giant cockroaches
  6 goblins
  10 hobgoblins
  13 kobolds
  A quokka (D:3)
  3 frilled lizards
  5 rats
84 creatures vanquished.

Vanquished Creatures (others)
  4 fungi (D:2)
  7 toadstools (D:1)
11 creatures vanquished.

Grand Total: 95 creatures vanquished

Notes
Turn   | Place    | Note
-------+----------+-------------------------------------------
     0 | D:1      | sahdkjhfkaj the Mummy Necromancer began the quest for the
                  | Orb.
     0 | D:1      | Reached XP level 1. HP: 13/13 MP: 4/4
   232 | D:1      | Reached XP level 2. HP: 18/19 MP: 0/5
  1243 | D:2      | Reached skill level 5 in Necromancy
  1285 | D:2      | Noticed Jessica
  1288 | D:2      | Reached XP level 3. HP: 24/24 MP: 4/7
  1290 | D:2      | Killed Jessica
  1291 | D:2      | Reached skill level 1 in Evocations
  1443 | D:2      | Learned a level 3 spell: Vampiric Draining
  1568 | D:2      | Reached XP level 4. HP: 28/30 MP: 0/8
  2360 | D:2      | Found a runed translucent door.
  2361 | D:2      | Noticed Crazy Yiuf
  2800 | D:3      | Reached XP level 5. HP: 35/35 MP: 6/9
  3171 | D:3      | Found an iron altar of Okawaru.
  3958 | D:4      | Noticed an ogre
  3962 | D:4      | Reached skill level 5 in Spellcasting
  3962 | D:4      | Reached XP level 6. HP: 41/41 MP: 8/13
  3988 | D:4      | Reached skill level 1 in Earth Magic
  4179 | D:4      | Identified the +6 dagger "Tad Amuk" {flame, *Corrode rElec
                  | Dex+2}
  4379 | D:4      | Noticed Pikel
  4393 | D:4      | Slain by a lemure

Illustrated notes

Levels and vault maps discovered:
D:1:      nagdon_arrival_double_spiral, layout_basic
D:2:      layout_loops_corners, uniq_crazy_yiuf_cottage, uniq_jessica
D:3:      minmay_recursive_quarters, layout_loops_ring,
          kennysheep_okawaru_gauntlet
D:4:      layout_loops_ring, cheibrodos_sewer_entry_sluice, uniq_robin,
          uniq_pikel

Skill      XL: |  1  2  3  4  5  6 |
---------------+-------------------+-----
Necromancy     | 5 |  5.0
Spellcasting   | 3 5 |  5.0
Evocations     | 1 2 3 |  3.0
Earth Magic    | 2 |  2.4
Dodging        | |  1.5
Stealth        | |  1.5

Action                   |  1- 3 |  4- 6 || total
-------------------------+-------+-------++-------
Melee: Unarmed           |    26 |    16 ||    42
 Cast: Pain              |    56 |   123 ||   179
       Vampiric Draining |       |     3 ||     3
  Use: Scroll            |     4 |     3 ||     7
Armor: Robe              |     5 |     3 ||     8
Dodge: Dodged            |    23 |    45 ||    68

Table legend: (Time is in decaauts)
 A = Elapsed time spent in this place.
 B = Non-inter-level travel time spent in this place.
 C = Inter-level travel time spent in this place.
 D = Time resting spent in this place.
 E = Time spent auto-exploring this place.
 F = Levels seen in this place.
 G = Mean time per level.
                   A        B        C        D        E       F      G
               +--------+--------+--------+--------+--------+-----+--------+
         Total |   4428 |   4335 |     93 |    163 |   3670 |   4 | 1107.0 |
       Dungeon |   4428 |   4335 |     93 |    163 |   3670 |   4 | 1107.0 |
               +--------+--------+--------+--------+--------+-----+--------+

Top non-repeatable levels by time:
     D:2: 1288 daAuts
     D:3: 1222 daAuts
     D:1: 1140 daAuts
     D:4: 777 daAuts
